 Dungeon Crawl Stone Soup version 0.21.1-1-g345015fe64 (webtiles) character file.

233 Lavandula the Chopper (level 5, -1/67 HPs)
             Began as a Centaur Berserker on June 15, 2018.
             Was a Believer of Trog.
             Killed by nerve-wracking pain
             ... invoked by Grinder
              (5 damage)
             ... on level 3 of the Dungeon.
             The game lasted 00:05:13 (909 turns).

Lavandula the Chopper (Centaur Berserker)            Turns: 909, Time: 00:05:14

Health: -1/67      AC:  4    Str: 25    XL:     5   Next: 75%
Magic:  5/5        EV: 10    Int:  6    God:    Trog [**....]
Gold:   45         SH:  0    Dex:  9    Spells: 4/4 levels left

rFire    . . .     SeeInvis .   a - +0 hand axe
rCold    . . .     Gourm    .   (no shield)
rNeg     . . .     Faith    .   b - +0 animal skin
rPois    .         Spirit   .   (no helmet)
rElec    .         Reflect  .   (no cloak)
rCorr    .         Harm     .   (no gloves)
MR       .....                  (no barding)
Stlth    ..........             (no amulet)
HPRegen  0.21/turn              (no ring)
MPRegen  0.09/turn              (no ring)

@: berserking, very quick
A: large, hooves 3, deformed body, speed 2, tough skin 3
a: Berserk, Trog's Hand, Burn Spellbooks, Renounce Religion


You were on level 3 of the Dungeon.
You worshipped Trog.
Trog was pleased with you.
You were hungry.

You visited 1 branch of the dungeon, and saw 3 of its levels.

You collected 45 gold pieces.

Inventory:

Hand Weapons
 a - a +0 hand axe (weapon)
Missiles
 i - 14 arrows
Armour
 b - a +0 animal skin (worn)
 g - a +0 ring mail
Wands
 f - a wand of scattershot (3)
 j - a wand of random effects (34)
Scrolls
 d - a scroll of blinking {unknown}
 e - a scroll of enchant armour {unknown}
Potions
 h - a potion of ambrosia {unknown}
 k - a potion of invisibility {unknown}
Comestibles
 c - 3 rations


   Skills:
 - Level 3.0 Fighting
 + Level 6.0 Axes
 - Level 1.4 Armour
 - Level 1.4 Dodging


You had 4 spell levels left.
You didn't know any spells.

Dungeon Overview and Level Annotations

Branches:
Dungeon (3/15)

Altars:

Annotations:
D:3 Grinder


Innate Abilities, Weirdness & Mutations

You have hooves in place of feet.
Armour fits poorly on your strangely shaped body.
You cover ground very quickly.
You have extremely tough skin. (AC +3)


Message History

Grinder is severely wounded.
You barely miss the leopard gecko.
Unknown command.
You closely miss Grinder.
Grinder is severely wounded.
You closely miss the leopard gecko.
The leopard gecko completely misses you.
Grinder hits you!
* * * LOW HITPOINT WARNING * * *
You writhe in agony.
* * * LOW HITPOINT WARNING * * *
You slash Grinder! Your kick misses Grinder.
Grinder is almost dead.
You slash the leopard gecko!
You kill the leopard gecko!
Trog accepts your kill.
Your Axes skill increases to level 6!
Grinder gestures at you. Pain shoots through your body!
You die...

# #. .#. .#.
.. ###.#####
#.......##
#..††5...#
#...@##..#
#..#..#..#
#..##.#..#
#........#
#....†..##
#####)#####.#
### ####
#.......# #..
..# #..####.#
#.# #.#
#######..####


You could see Grinder.

Vanquished Creatures
  4 orc wizards (D:3)
  4 gnolls (D:3)
  An adder (D:2)
  2 oozes
  A worm (D:3)
  A dart slug (D:2)
  2 leopard geckos (D:3)
  13 orcs (D:3)
  A ball python (D:3)
  2 giant cockroaches (D:3)
  4 goblins (D:3)
  3 hobgoblins (D:3)
  2 quokkas
  2 bats
  2 frilled lizards
  4 kobolds
  3 rats
51 creatures vanquished.

Vanquished Creatures (others)
  A worm (D:3)
1 creature vanquished.

Grand Total: 52 creatures vanquished

Notes
Turn   | Place    | Note
-------+----------+-------------------------------------------
     0 | D:1      | Lavandula the Centaur Berserker began the quest for the Orb.
     0 | D:1      | Reached XP level 1. HP: 19/19 MP: 1/1
    43 | D:1      | Reached skill level 3 in Axes
   102 | D:2      | Reached XP level 2. HP: 23/26 MP: 2/2
   226 | D:3      | Reached skill level 4 in Axes
   226 | D:3      | Reached XP level 3. HP: 12/31 MP: 3/3
   297 | D:3      | Reached ** piety under Trog
   297 | D:3      | Reached XP level 4. HP: 17/38 MP: 4/4
   349 | D:3      | Reached skill level 5 in Axes
   351 | D:3      | HP: 2/57 [orc wizard/puff of frost (8)]
   353 | D:3      | Reached XP level 5. HP: 3/45 MP: 5/5
   896 | D:3      | Noticed Grinder
   900 | D:3      | Paralysed by Grinder for 4 turns
   909 | D:3      | Reached skill level 6 in Axes
   909 | D:3      | Killed from afar by Grinder

Skill      XL: |  1  2  3  4  5 |
---------------+----------------+-----
Axes           | 3 4 5 6 |  6.0
Fighting       | |  3.0
Armour         | |  1.4
Dodging        | |  1.4

Action                   |  1- 3 |  4- 6 || total
-------------------------+-------+-------++-------
Melee: Hand axe          |    43 |    66 ||   109
       Kick              |    10 |    15 ||    25
Invok: Berserk           |     2 |     4 ||     6
       Trog's Hand       |       |     1 ||     1
Evoke: Wand              |     1 |     1 ||     2
  Eat: Chunk             |       |     5 ||     5
Armor: Animal skin       |    11 |    22 ||    33
Dodge: Dodged            |    17 |    35 ||    52
